 Dungeon Crawl Stone Soup version 0.31-a0-632-g766dd24fdf (webtiles) character file.

Game seed: 16412939406505182032

3694 Mickster the Cleaver (level 10, 0/79 (88) HPs)
             Began as a Hill Orc Berserker on Aug 25, 2023.
             Was a Priest of Trog.
             Slain by an orc wizard
             ... wielding a +2 dagger of draining
              (1 damage)
             ... on level 8 of the Dungeon.
             The game lasted 00:38:24 (6986 turns).

Mickster the Cleaver (Hill Orc Berserker)           Turns: 6986, Time: 00:38:24

HP:   0/79 (88)     AC:  5    Str: 31    XL:     10   Next: 13%
MP:   10/10         EV:  5    Int:  7    God:    Trog [***...]
Gold: 219           SH:  0    Dex: 10    Spells: 9/9 levels left

rFire   . . .        I - +3 great sword (vamp)
rCold   . . .        (shield currently unavailable)
rNeg    . . .        t - +0 chain mail
rPois   .            (no helmet)
rElec   .            C - +0 cloak
rCorr   .            (no gloves)
SInv    .            o - +0 pair of boots
Will    .....        (no amulet) Stlth
                     m - +6 ring of strength
HPRegen 0.33/turn    (no ring)
MPRegen 0.12/turn

%: no passive effects
@: petrifying, corroded, on berserk cooldown, slowed, heavily drained, very slow
A: no striking features
a: Renounce Religion, Convert to Beogh, Berserk, Trog's Hand


You were on level 8 of the Dungeon.
You worshipped Trog.
Trog was most pleased with you.
You visited 1 branch of the dungeon, and saw 8 of its levels.

You collected 336 gold pieces.
You spent 117 gold pieces at shops.

Inventory:

Hand Weapons
 a - a +0 hand axe
 g - a +0 dagger of speed
 i - a +0 rapier
 r - a +0 dagger of flaming
 w - a +0 spectral war axe
 y - a +0 heavy flail
 B - a +4 quarterstaff of chaos
 D - a +3 hammer
 G - a +3 halberd
 H - a +1 scimitar of flaming
 I - a +3 vampiric great sword (weapon)
 J - a +3 dagger
 O - a +1 scimitar of flaming
Missiles
 d - 64 stones
 k - 9 javelins (quivered)
 E - 5 boomerangs
Armour
 b - a +1 animal skin
 o - a +0 pair of boots (worn)
 p - a +0 ring mail
 t - a +0 chain mail (worn)
 C - a +0 cloak (worn)
Jewellery
 m - a +6 ring of strength (left hand)
 A - a +6 ring of dexterity
Talismans
 K - a flux talisman
Wands
 s - a wand of acid (9)
 F - a wand of flame (59)
 L - a wand of digging (3)
Scrolls
 j - 2 scrolls of teleportation
 q - 2 scrolls of fear
 N - a scroll of identify
Potions
 c - 2 potions of berserk rage
 e - 2 potions of curing
 f - 2 potions of mutation {unknown}
 h - 3 potions of might {unknown}
 l - a potion of ambrosia {unknown}
 n - a potion of brilliance {unknown}
 u - a potion of enlightenment {unknown}
 v - a potion of haste {unknown}
 x - a potion of attraction {unknown}
 z - a potion of lignification {unknown}
 M - a potion of degeneration {unknown}


   Skills:
 + Level 7.8 Fighting
 * Level 2.4 Long Blades
 - Level 13.8 Axes
 + Level 0.2 Throwing
 + Level 7.1 Armour
 + Level 3.1 Dodging
 + Level 1.8 Stealth


You had 9 spell levels left.
You didn't know any spells.
Your spell library was empty.

Dungeon Overview and Level Annotations

Branches:
Dungeon (8/15)             Temple (0/1) D:7
   Lair: D:8-11

Altars:
Fedhas
Qazlal
Ru

Shops:
D:4 *


Message History

You feel drained. The basilisk barely misses you.
The orc priest hits you but does no damage.
The basilisk hisses menacingly.
The basilisk bites you! Something hits you.
You feel drained.
You slash the basilisk!
You feel better.
The basilisk is moderately wounded.
You are no longer berserk.
You are exhausted.
You feel yourself slow down. Something hits you.
You feel drained.
The orc priest looks satisfied for a moment.
The basilisk bites you but does no damage.
You hit the orc priest but do no damage.
The orc priest threatens, "By the altar or by the axe, you will meet Beogh!"
The orc priest closely misses you.
You hear some strange, mumbled words.
A magic dart appears from out of thin air!
The magic dart hits you. The basilisk bites you! The basilisk gazes at you.
You resist with some effort.
The orc priest mumbles some strange prayers to Beogh against you.
You struggle to resist.
You hear some strange, mumbled words.
A puff of flame appears from out of thin air!
The puff of flame hits you!
* * * LOW HITPOINT WARNING * * *
The orc priest threatens, "By the altar or by the axe, you will meet Beogh!"
You miss something.
The orc priest hits you but does no damage.
Something hits you.
* * * LOW HITPOINT WARNING * * *
You feel drained.
* * * LOW HITPOINT WARNING * * *
The basilisk gazes at you.
You are slowing down.
The basilisk bites you!
* * * LOW HITPOINT WARNING * * *
Something hits you.
* * * LOW HITPOINT WARNING * * *
You feel drained.
You die...

#..§≈_≈≈....#
#..§§§§≈....# #.
#.#..≈§§≈≈....# . #..
#.#..≈§.≈≈....# ...
#...#.#..≈...§....##.....
#...#.#..§.8.≈§..........
#....).........#.########
#.......###!..l#.#
#.......# #..@oh.# #
#####.#.# #..{#..# ##
#.....#.# #.###...#
.#+#.#####.# #.# .....#
.....# #.# #.# .P....#
.....# #.# #.# ..l..#
.....#####.# #.. ..Y?..
...........# #.
....######## #.


You could see a basilisk, a black bear and an orc priest.

Vanquished Creatures
  Erica (D:8)
  Maggie (D:7)
  Grinder (D:6)
  Sigmund (D:6)
  Eustachio (D:4)
  Edmund (D:5)
  An orc warrior (D:5)
  A black bear (D:5)
  An ice beast (D:5)
  2 sky beasts
  3 phantoms
  A kobold brigand (D:6)
  4 scorpions
  8 wights (D:7)
  A hound (D:6)
  3 jellies
  4 orc priests
  Crazy Yiuf (D:5)
  4 iguanas
  2 orc wizards (D:4)
  2 sleepcaps (D:5)
  Natasha (twice) (D:4)
  6 gnolls
  9 adders
  4 white imps
  An ufetubus (D:5)
  2 worms (D:2)
  4 dart slugs
  30 orcs
  9 endoplasms
  4 giant cockroaches
  7 goblins
  4 hobgoblins
  2 jackals (D:1)
  7 quokkas
  4 ball pythons
  5 bats
  3 frilled lizards
  12 kobolds
  5 rats
164 creatures vanquished.

Notes
Turn   | Place    | Note
-------+----------+-------------------------------------------
     0 | D:1      | Mickster the Hill Orc Berserker began the quest for the
                  | Orb.
     0 | D:1      | Reached XP level 1. HP: 19/19 MP: 1/1
    95 | D:1      | Reached XP level 2. HP: 13/27 MP: 2/2
   253 | D:1      | Reached XP level 3. HP: 21/33 MP: 3/3
   339 | D:1      | Found a faded altar of an unknown god.
   846 | D:2      | Reached ** piety under Trog
   860 | D:2      | Reached skill level 5 in Axes
  1102 | D:2      | Reached XP level 4. HP: 13/41 MP: 4/4
  2057 | D:3      | Reached skill level 6 in Axes
  2057 | D:3      | Reached XP level 5. HP: 47/47 MP: 5/5
  2829 | D:4      | Reached skill level 5 in Fighting
  2837 | D:4      | Reached XP level 6. HP: 32/56 MP: 6/6
  2989 | D:4      | Reached *** piety under Trog
  3025 | D:4      | Found Juecw's Gadget Gallery.
  3031 | D:4      | Bought a wand of acid (2) for 117 gold pieces
  3280 | D:4      | Noticed Eustachio
  3282 | D:4      | Noticed Natasha
  3289 | D:4      | Killed Natasha
  3299 | D:4      | Killed Eustachio
  3300 | D:4      | Reached skill level 7 in Axes
  3300 | D:4      | Reached XP level 7. HP: 61/61 MP: 7/7
  3586 | D:4      | Reached skill level 8 in Axes
  3679 | D:4      | Noticed Natasha
  3687 | D:4      | Killed Natasha
  4026 | D:5      | Entered Level 5 of the Dungeon
  4157 | D:5      | Reached skill level 9 in Axes
  4378 | D:5      | Noticed Edmund
  4388 | D:5      | Killed Edmund
  4389 | D:5      | Reached XP level 8. HP: 70/70 MP: 8/8
  4633 | D:5      | Reached skill level 10 in Axes
  4826 | D:5      | Found a runed translucent door.
  4827 | D:5      | Noticed Crazy Yiuf
  4837 | D:5      | Killed Crazy Yiuf
  5100 | D:5      | Reached skill level 5 in Armour
  5251 | D:6      | Reached skill level 11 in Axes
  5324 | D:6      | Noticed Grinder
  5342 | D:6      | Killed Grinder
  5343 | D:6      | Reached skill level 12 in Axes
  5343 | D:6      | Reached XP level 9. HP: 57/78 MP: 9/9
  5485 | D:6      | Noticed Sigmund
  5499 | D:6      | Killed Sigmund
  5781 | D:6      | Found a blossoming altar of Fedhas.
  6174 | D:7      | Noticed Maggie
  6185 | D:7      | Reached skill level 13 in Axes
  6187 | D:7      | Reached skill level 1 in Stealth
  6188 | D:7      | Killed Maggie
  6343 | D:7      | Found a staircase to the Ecumenical Temple.
  6654 | D:8      | Found a sacrificial altar of Ru.
  6697 | D:8      | Noticed Erica
  6708 | D:8      | Killed Erica
  6709 | D:8      | Reached XP level 10. HP: 59/88 MP: 10/10
  6932 | D:8      | Found a stormy altar of Qazlal.
  6965 | D:8      | Noticed an elephant
  6986 | D:8      | HP: 4/80 [basilisk (9)]
  6986 | D:8      | HP: 1/80 [something (3)]
  6986 | D:8      | Slain by an orc wizard

Illustrated notes

Levels and vault maps discovered:
D:1:      eino_arrival_tree_alley, layout_basic, ebering_ecumenical_altar_box
D:2:      layout_basic
D:3:      layout_basic
D:4:      cheibrodos_pilgrimage, layout_basic, nicolae_shop_gadgets,
          uniq_natasha, uniq_eustachio
D:5:      layout_loops_corners, uniq_crazy_yiuf_cottage, uniq_edmund
D:6:      layout_cave_pools, lemuel_coloured_pillars_altar, st_stairs_5,
          uniq_sigmund, uniq_grinder
D:7:      layout_basic, minmay_temple_entry_ruins, uniq_maggie
D:8:      layout_basic, mainiacjoe_overflow_catwalk, nicolae_uskayaw_suspiria,
          mainiacjoe_overflow_boulevard, david_lair_generic,
          hangedman_minor_gate_pass, uniq_erica

Skill      XL: |  1  2  3  4  5  6  7  8  9 |
---------------+----------------------------+-----
Fighting       | 4 5 6 7 |  7.8
Axes           | 5 6 7 9 12 13 | 13.8
Dodging        | 2 3 |  3.1
Armour         | 3 4 5 7 |  7.1
Stealth        | 1 |  1.8
Long Blades    | 2 |  2.4
Throwing       | |  0.2

Action                     |  1- 3 |  4- 6 |  7- 9 | 10-12 || total
---------------------------+-------+-------+-------+-------++-------
  Melee: Hand axe          |   111 |   117 |    30 |       ||   258
         Punch             |     2 |       |     1 |       ||     3
         War axe           |       |       |   170 |     3 ||   173
         Great sword       |       |       |       |    12 ||    12
  Throw: Javelin           |       |       |     2 |       ||     2
 Invoke: Berserk           |     1 |     2 |    11 |     1 ||    15
         Trog's Hand       |       |     1 |     6 |       ||     7
    Use: Scroll            |     3 |     5 |     6 |       ||    14
   Stab: Distracted        |       |       |     2 |       ||     2
 Armour: Animal skin       |    25 |     3 |       |       ||    28
         Ring mail         |       |    37 |       |       ||    37
         Chain mail        |       |       |    89 |    10 ||    99
  Dodge: Dodged            |    99 |    72 |    66 |     7 ||   244

Table legend: (Time is in decaauts)
 A = Elapsed time spent in this place.
 B = Non-inter-level travel time spent in this place.
 C = Inter-level travel time spent in this place.
 D = Time resting spent in this place.
 E = Time spent auto-exploring this place.
 F = Levels seen in this place.
 G = Mean time per level.
                   A        B        C        D        E       F      G
               +--------+--------+--------+--------+--------+-----+--------+
         Total |   7092 |   6996 |     96 |   1037 |   4011 |   8 |  886.5 |
       Dungeon |   7092 |   6996 |     96 |   1037 |   4011 |   8 |  886.5 |
               +--------+--------+--------+--------+--------+-----+--------+

Top non-repeatable levels by time:
     D:4: 1402 daAuts
     D:2: 1254 daAuts
     D:5: 1204 daAuts
     D:1: 750 daAuts
     D:7: 747 daAuts
     D:3: 660 daAuts
     D:6: 646 daAuts
     D:8: 426 daAuts
